 Dungeon Crawl Stone Soup version 0.29.1-2-gbd0b4ee654 (webtiles) character file.

Game seed: 15182448854821746500

3040 croobank the Nimble (level 9, -14/43 HPs)
             Began as a Felid Summoner on Nov 22, 2022.
             Was an Initiate of Gozag.
             Shot with an arrow by a centaur warrior (17 damage)
             ... on level 8 of the Dungeon.
             The game lasted 01:08:15 (11290 turns).

croobank the Nimble (Felid Summoner)               Turns: 11290, Time: 01:08:16

Health: -14/43     AC:  2    Str:  4    XL:     9   Next: 56%
Magic:  19/20      EV: 24    Int: 20    God:    Gozag
Gold:   790        SH:  0    Dex: 17    Spells: 7/22 levels left
                                        Lives:  0   Deaths: 2

rFire   . . .      SeeInvis +   (weapon unavailable)
rCold   . . .      Faith    .   (shield unavailable)
rNeg    . . .      Spirit   .   (body armour unavailable)
rPois   .          Reflect  .   (helmet unavailable)
rElec   .          Harm     .   (cloak unavailable)
rCorr   .          Rampage  .   (gloves unavailable)
Will    +....                   (boots unavailable)
Stlth   ++........              (no amulet)
HPRegen 0.14/turn               (no ring)
MPRegen 0.17/turn               (no ring)

@: quick
A: very small, claws 1, fangs 3, see invisible, speed 1, shaggy fur 2, stealthy
paws, no weapons or thrown items, no armour, multi-lived
a: Renounce Religion, Potion Petition, Call Merchant, Bribe Branch


You were on level 8 of the Dungeon.
You worshipped Gozag.
Gozag was pleased with you.
You visited 2 branches of the dungeon, and saw 10 of its levels.

You collected 1175 gold pieces.
You paid 385 gold pieces to Gozag.

Inventory:

Jewellery
 c - an amulet of reflection
Wands
 b - a wand of polymorph (7)
Scrolls
 a - a scroll of blinking
 f - a scroll of brand weapon
 g - 8 scrolls of vulnerability
 h - a scroll of poison
Potions
 d - 3 potions of brilliance
 e - 2 potions of flight
 i - a potion of attraction
 j - a potion of degeneration
 q - a potion of curing {unknown}


   Skills:
 + Level 7.2 Fighting
 + Level 10.3 Dodging
 - Level 2.9 Stealth
 + Level 7.0 Spellcasting
 - Level 5.0 Hexes
 + Level 8.4 Summonings


You had 7 spell levels left.
You knew the following spells:

 Your Spells              Type           Power      Damage    Failure   Level
a - Summon Small Mammal   Summ           100%       N/A       1%          1
b - Call Imp              Summ           40%        N/A       1%          2
c - Call Canine Familiar  Summ           40%        N/A       1%          3
d - Summon Guardian Gole  Hex/Summ       33%        N/A       1%          3
e - Summon Lightning Spi  Summ/Air       23%        N/A       17%         4
f - Blink                 Tloc           14%        N/A       14%         2

Your spell library contained the following spells:

 Spells                   Type           Power      Damage    Failure   Level
 Sandblast                Erth           14%        2d6       10%         1
 Sting                    Tmut/Pois      28%        1d4       10%         1
 Passwall                 Tmut/Erth      5%         N/A       14%         2
 Summon Mana Viper        Hex/Summ       33%        N/A       17%         5
 Ignite Poison            Fire/Tmut/Pois 7%         N/A       28%         3
 Lesser Beckoning         Tloc           7%         N/A       28%         3
 Mephitic Cloud           Conj/Pois/Air  7%         N/A       28%         3
 Stone Arrow              Conj/Erth      14%        3d7       28%         3
 Summon Cactus Giant      Summ           20%        N/A       41%         6
 Summon Forest            Summ/Tloc      11%        N/A       43%         5
 Fireball                 Conj/Fire      3%         3d4       95%         5
 Freezing Cloud           Conj/Ice/Air   3%         6-21      95%         5
 Manifold Assault         Tloc           7%         N/A       95%         5
 Conjure Ball Lightning   Conj/Air       3%         3x3d6     100%        6
 Necromutation            Tmut/Necr      3%         N/A       100%        8


Dungeon Overview and Level Annotations

Branches:
Dungeon (9/15)             Temple (1/1) D:6
   Lair: D:8-11         Orc: D:9-12

Altars:
Ashenzari
Cheibriados
Dithmenos
Elyvilon
Fedhas
Gozag
Kikubaaqudgha
Makhleb
Okawaru
Qazlal
Ru
Sif Muna
Trog
Uskayaw
Vehumet
Xom
Yredelemnul
Zin

Annotations:
D:6 Grinder


Innate Abilities, Weirdness & Mutations

You have sharp claws.
You have razor-sharp teeth.
You have supernaturally acute eyesight. (SInv)
You cover ground quickly. (Speed+)
You are covered in thick fur. (AC +2)
Your paws help you pounce on unaware monsters.
You are incapable of wielding weapons or throwing items.
You cannot wear armour.
You gain extra lives every three experience levels.


Message History

Your guardian golem burns!
The deep elf pyromancer hits your guardian golem with a +0 long sword.
Your guardian golem is engulfed in blazing flames.
Your guardian golem burns!
The deep elf pyromancer hits your guardian golem with a +0 long sword.
Your guardian golem is engulfed in blazing flames.
Your guardian golem overheats!
Your guardian golem burns!
Flame seeps out of your guardian golem.
The deep elf pyromancer mumbles some strange words.
Your guardian golem is engulfed in blazing flames.
Flame seeps out of your guardian golem.
Your guardian golem burns!
Flame seeps out of your guardian golem.
Your guardian golem stops burning.
The deep elf pyromancer hits your guardian golem with a +0 long sword.
Flame seeps out of your guardian golem.
Your guardian golem is engulfed in blazing flames.
Flame seeps out of your guardian golem.
The deep elf pyromancer gestures at you while chanting.
The sticky flame hits your guardian golem.
Your guardian golem completely resists.
Your guardian golem is covered in liquid flames!
Your guardian golem is engulfed in blazing flames.
Your guardian golem disappears in a puff of smoke!
Your guardian golem explodes!
The fiery explosion engulfs the deep elf pyromancer!!!
The deep elf pyromancer dies!
The fire elemental disappears in a puff of smoke!
You hear a shout! x2; You hear an angry buzzing noise. x2
Your Spellcasting skill increases to level 7!
The centaur warrior shoots an arrow.
The arrow hits you!
The centaur warrior shoots an arrow.
The arrow completely misses you.
You hear a shout!
You hear an angry buzzing noise.
The centaur warrior shoots an arrow.
The arrow hits you!!
Ouch! That really hurt!
* * * LOW HITPOINT WARNING * * *
The centaur warrior shoots an arrow.
The arrow hits you!
You die...
Your body crumbles into a pile of gold.

≈~~~...... #.#.#.#.#
##..).#. ~~~.....y. $
#.#)#.#.#####..###
~...~P#.~.
#.#.#.#.......#.#.
♣♣..~≈#
#≈~.o♣♣#.#.#.#.#####.##.#
y..~≈~# #~≈~ye.c°#.#...#
#..### ♣♣.y~≈#
#≈~.y♣♣#§#.#.#.# #.#...
~...yP#.~. #.#.#.#.#
#.#### ~~~..y....
#○#.#.#.# #.# ≈~~~.....y
#@#.#.#.# #.####
≈≈~~~..... #.#'#.#.#
#..... ≈≈≈≈~~♣.♣y
#♣...♣#.# ###.####
♣≈≈≈~~♣.♣ ♣♣.♣♣#.#
#.......
######.###....###
#..............#
#........###...###
#..##.##.# ##..... ... #.
#. #.# #.####


You could see a centaur warrior.

Vanquished Creatures
  A hornet (D:8)
  13 killer bees
  An orc priest (D:6)
  An orc wizard (D:6)
  An adder (D:3)
  A gnoll (D:7)
  An orc (D:8)
  A giant cockroach (D:2)
  2 goblins (D:2)
  A hobgoblin (D:1)
  A jackal (D:4)
  A bat (D:3)
25 creatures vanquished.

Vanquished Creatures (collateral kills)
  Sigmund (D:2)
  A yak (D:8)
  A steam dragon (D:7)
  A water moccasin (D:6)
  A black bear (D:6)
  An ogre (D:5)
  A centaur (D:6)
  A bullfrog (D:8)
  A necrophage (D:6)
  A scorpion (D:6)
  4 killer bees
  2 jellies
  3 orc priests
  A hound (D:5)
  2 iguanas
  4 orc wizards
  4 gnolls
  8 adders
  A shadow imp (D:5)
  A white imp (D:7)
  An ufetubus (D:6)
  2 worms
  A dart slug (D:2)
  32 orcs
  4 bats
  4 endoplasms
  2 giant cockroaches
  4 goblins
  5 hobgoblins
  5 jackals
  9 kobolds
  3 quokkas
  6 ball pythons
  2 frilled lizards (D:1)
  3 rats
123 creatures vanquished.

Vanquished Creatures (others)
  A deep elf pyromancer (D:8)
  6 yaks (D:6)
  An orc warrior (D:8)
  4 ice beasts
  A centaur (D:8)
  2 kobold brigands
  2 necrophages
  5 killer bees
  2 gnoll boudas
  An iguana (D:7)
  An orc wizard (D:7)
  3 gnolls (D:7)
  4 orcs
  3 kobolds (D:7)
  A fungus (D:5)
  13 plants
  4 toadstools (D:5)
54 creatures vanquished.

Grand Total: 202 creatures vanquished

Notes
Turn   | Place    | Note
-------+----------+-------------------------------------------
     0 | D:1      | croobank the Felid Summoner began the quest for the Orb.
     0 | D:1      | Reached XP level 1. HP: 7/7 MP: 4/4
   733 | D:1      | Reached skill level 3 in Dodging
   745 | D:1      | Found a faded altar of an unknown god.
   755 | D:1      | Reached XP level 2. HP: 11/11 MP: 6/6
   758 | D:1      | Learned a level 2 spell: Call Imp
  1246 | D:2      | Reached skill level 1 in Fighting
  1246 | D:2      | Reached XP level 3. HP: 15/15 MP: 3/7
  1250 | D:2      | Learned a level 3 spell: Call Canine Familiar
  1282 | D:2      | Noticed Sigmund
  1312 | D:2      | Killed Sigmund
  1313 | D:2      | Reached skill level 4 in Dodging
  1313 | D:2      | Reached XP level 4. HP: 19/19 MP: 5/9
  1313 | D:2      | Reached XP level 5. HP: 22/22 MP: 5/10
  1317 | D:2      | Learned a level 3 spell: Summon Guardian Golem
  2002 | D:2      | Reached skill level 1 in Hexes
  2136 | D:3      | Reached skill level 5 in Summonings
  2241 | D:3      | Gained mutation: You are covered in thick fur. (AC +2)
                  | [Felid growth]
  2241 | D:3      | Reached XP level 6. HP: 6/27 MP: 7/11
  2587 | D:3      | Identified the +9 quarterstaff "Pyppim" {vorpal, *Corrode
                  | rElec Int+4}
  4045 | D:4      | Reached skill level 5 in Dodging
  4927 | D:5      | Entered Level 5 of the Dungeon
  5353 | D:5      | HP: 1/28 [orc priest/divine providence (15)]
  5728 | D:5      | Reached XP level 7. HP: 31/31 MP: 6/13
  5819 | D:5      | Identified the +10 quarterstaff "Killer Bee's Regret"
                  | {elec, Contam Str+7}
  6430 | D:6      | Noticed a yak
  6447 | D:6      | Noticed a yak
  6448 | D:6      | Noticed a yak
  6448 | D:6      | Noticed a yak
  6460 | D:6      | Noticed a yak
  6460 | D:6      | Noticed a yak
  6464 | D:6      | Killed a yak
  6466 | D:6      | Killed a yak
  6466 | D:6      | Killed a yak
  6467 | D:6      | Reached skill level 6 in Dodging
  6467 | D:6      | Reached XP level 8. HP: 36/36 MP: 2/15
  6481 | D:6      | Reached skill level 7 in Dodging
  6481 | D:6      | Reached skill level 5 in Hexes
  6490 | D:6      | Found a staircase to the Ecumenical Temple.
  6502 | Temple   | Entered the Ecumenical Temple
  6600 | Temple   | Became a worshipper of Gozag Ym Sagoz the Greedy
  6761 | D:6      | Reached skill level 5 in Spellcasting
  6927 | D:6      | Reached skill level 5 in Fighting
  7191 | D:6      | Learned a level 4 spell: Summon Lightning Spire
  7419 | D:6      | Noticed Grinder
  7723 | D:6      | HP: 1/37 [poisoned by a water moccasin]
  7724 | D:6      | Succumbed to a water moccasin's poison
  7725 | D:6      | Reached XP level 7. HP: -2/33 MP: 3/15
  7780 | D:6      | Reached skill level 8 in Dodging
  7780 | D:6      | Reached XP level 8. HP: 37/37 MP: 7/17
  8399 | D:7      | You fall into a shaft and drop 2 floors!
  8476 | D:9      | Reached skill level 9 in Dodging
  8481 | D:9      | Reached XP level 9. HP: 10/41 MP: 2/19
  8560 | D:9      | HP: 2/41 [killer bee (6)]
  8561 | D:9      | Succumbed to a killer bee's poison
  8562 | D:9      | Reached XP level 8. HP: 0/38 MP: 2/18
  8680 | D:8      | Noticed a hornet
  8731 | D:8      | Learned a level 2 spell: Blink
  9356 | D:8      | Killed a hornet
  9443 | D:8      | Reached XP level 9. HP: 42/42 MP: 14/19
  9715 | D:8      | Got the Precepts of Battling and Shapes
 10436 | D:8      | Identified the +10 spear of Desperation {freeze, rC+ Will+
                  | SInv}
 10436 | D:8      | Noticed a centaur warrior
 10437 | D:8      | Noticed a two-headed ogre
 10973 | D:8      | Reached skill level 10 in Dodging
 11256 | D:8      | Noticed a deep elf pyromancer
 11282 | D:8      | Killed a deep elf pyromancer
 11290 | D:8      | Shot with an arrow by a centaur warrior

Illustrated notes

Levels and vault maps discovered:
D:1:      tarquinn_simple_flora_water_d, layout_basic,
          ebering_ecumenical_altar_webs, minivault_27, grunt_decor_junction,
          serial_bayou_pond_d
D:2:      layout_basic, uniq_sigmund
D:3:      layout_loops_ring, serial_forest, infiniplex_forest_clump_double,
          infiniplex_forest_corner_1, infiniplex_forest_clump_large,
          infiniplex_forest_diagonal, infiniplex_forest_zigzag_1,
          infiniplex_forest_end_2, infiniplex_forest_corner_1, minmay_puff
D:4:      layout_basic
D:5:      layout_basic, chequers_serial_rivers_room_b, minmay_gold_behind_fungi
D:6:      layout_basic, minmay_temple_entry_sparse_star,
          chequers_serial_rivers_micro_c, kennysheep_generic_room_14,
          uniq_grinder
D:7:      layout_basic, glass_columns_b, minmay_misc_feat_plants
D:8:      nzn_winding_woodlands_cross [nzn_winding_woodlands_5x15_zeroes,
          nzn_winding_woodlands_5x15_concentric,
          nzn_winding_woodlands_5x15_cabin,
          nzn_winding_woodlands_5x15_longhouse,
          nzn_winding_woodlands_15x15_eel_pit], layout_loops_corners, uniq_erica
D:9:      wad_woods_minihive, layout_gridville, mainiacjoe_overflow_two_lobes,
          serial_shops, nicolae_square_shop, uniq_psyche, uniq_gastronok,
          uniq_harold, uniq_grum
Temple:   dpeg_three_leaves_temple

Skill      XL: |  1  2  3  4  5  6  7  8  9 |
---------------+----------------------------+-----
Dodging        | 3 4 5 8 9 10 | 10.3
Fighting       | 1 2 3 4 6 7 |  7.2
Spellcasting   | 3 4 6 7 |  7.0
Hexes          | 1 2 4 5 |  5.0
Summonings     | 5 8 |  8.4
Stealth        | |  2.9

Action                   |  1- 3 |  4- 6 |  7- 9 || total
-------------------------+-------+-------+-------++-------
Melee: Unarmed           |     8 |    31 |    60 ||    99
       Bite              |     1 |     7 |     7 ||    15
       Punch             |       |     1 |       ||     1
 Cast: Summon Small Mamm |    23 |    60 |    32 ||   115
       Call Imp          |     5 |    19 |    23 ||    47
       Call Canine Famil |     1 |    30 |    39 ||    70
       Summon Guardian G |       |     6 |    45 ||    51
       Summon Lightning  |       |       |     2 ||     2
Invok: Potion Petition   |       |       |     1 ||     1
Evoke: Wand              |       |       |    32 ||    32
  Use: Scroll            |       |    11 |     9 ||    20
       Potion            |       |     1 |     8 ||     9
 Stab: Sleeping          |     1 |     3 |     3 ||     7
       Distracted        |       |     1 |     1 ||     2
Armor: Skin              |       |     3 |    73 ||    76
Dodge: Dodged            |     7 |    34 |   145 ||   186
